[Event "1st Anfield Cup 2022"]
[Site "Kyiv"]
[Date "2022.09.25"]
[Round "7.4"]
[White "Pavlov, Sergey"]
[Black "Maly, Alexey"]
[Result "1/2-1/2"]
[ECO "E07"]
[WhiteElo "2333"]
[BlackElo "2370"]
[Annotator "TA"]
[PlyCount "54"]
[EventDate "2022.09.20"]
[EventType "swiss"]
[EventCountry "UKR"]
[SourceTitle "playchess.com"]
[Source "ChessBase"]
[SourceQuality "1"]
[TimeControl "900+10"]

1. c4 e6 2. g3 d5 3. Bg2 Nf6 4. Nf3 Be7 5. d4 O-O 6. Nc3 c6 7. O-O Nbd7 8. Qd3 b6 9. Rd1 Bb7 10. e4 dxe4 {[%emt 0:00:04] E07: Closed Catalan: Main Line (5 Nf3 0-0 6 0-0 Nbd7).} 11. Nxe4 c5 12. Nxf6+ Bxf6 {[%emt 0:02:54] [#]} 13. Ng5 $1 Bxg5 14. Bxb7 Bxc1 15. Raxc1 {[%emt 0:01:02] And now dxc5 would win.} Rb8 16. Bc6 {[%emt 0:03:25] [#]} Nf6 $146 ({Predecessor:} 16... cxd4 17. Qxd4 Nf6 18. Qe5 Qe7 19. Rd6 Rfd8 20. Rcd1 Rxd6 21. Rxd6 Rc8 22. b4 Ne8 23. Bxe8 Qxe8 {1-0 (43) Neckar,L (2355)-Dobrovolsky,L (2395) Czechoslovakia 1991}) 17. dxc5 bxc5 {[%emt 0:00:21] The position is equal.} 18. Qxd8 Rfxd8 19. b3 Kf8 20. Kf1 Ke7 21. Ke2 Rxd1 22. Rxd1 Rd8 23. Rxd8 Kxd8 $11 {[%emt 0:00:01] KB-KN} 24. f4 Kc7 25. Bf3 Kd6 26. a3 a5 27. Kd3 e5 {[%emt 0:02:25] A balanced but interesting game.  Weighted Error Value: White=0.05 (flawless) /Black=0.02 (flawless)} 1/2-1/2

[Event "1st Anfield Cup 2022"]
[Site "Kyiv"]
[Date "2022.09.25"]
[Round "7.6"]
[White "Petrov, Vladimir Sergeev"]
[Black "Grinev, Valeriy"]
[Result "0-1"]
[ECO "A48"]
[WhiteElo "2349"]
[BlackElo "2425"]
[Annotator "TA"]
[PlyCount "120"]
[EventDate "2022.09.20"]
[EventType "swiss"]
[EventCountry "UKR"]
[SourceTitle "playchess.com"]
[Source "ChessBase"]
[SourceQuality "1"]
[TimeControl "900+10"]

1. d4 Nf6 2. Nf3 g6 3. Bg5 Bg7 4. Nbd2 c5 5. e3 b6 6. c3 Bb7 7. a4 {[%emt 0:00:03] A48: 1 d4 Nf6 2 Nf3 g6: Torre, London and Colle Systems.} a6 8. Bd3 O-O (8... d5 $11) 9. O-O (9. h4 $14) 9... d6 10. Bh4 Nbd7 11. Re1 h6 12. h3 Nh5 {[%emt 0:00:53] [#]} 13. Nh2 $146 ({Predecessor:} 13. Rc1 Rc8 14. Qe2 cxd4 15. cxd4 a5 16. Rxc8 Bxc8 17. Ne4 Re8 18. Nxd6 Rf8 19. Nxc8 Qxc8 20. Bxe7 Re8 21. Bd6 Qc6 22. Bh2 Qxa4 23. Bb5 {1-0 (23) Demchenko,A (2641)-Grinev,V (2441) Chess.com INT 2020}) 13... cxd4 14. cxd4 Qe8 15. Be2 Nhf6 16. Bg3 Ne4 17. Nxe4 Bxe4 18. Qb3 Qb8 19. f3 Bc6 20. Bf2 e5 (20... b5 $5 ) 21. dxe5 Nc5 {[%emt 0:00:02] Prevents e6.} 22. Qc2 Qe8 23. exd6 {[%emt 0:01:04] a5 is the strong threat.} Bxa4 24. Qb1 Bb3 25. Bd1 Qe5 (25... Bc4 $11) 26. Bxb3 $14 Nxb3 27. Ra3 Na5 28. b4 Nc4 29. Rd3 Rfd8 30. Ng4 Qe6 31. e4 ({White should play} 31. Bg3 $1 $14) 31... Rxd6 (31... h5 $5 32. Ne3 Nxe3 33. Rexe3 Be5 $11) 32. Rxd6 Qxd6 33. Qc1 Qxb4 34. Nxh6+ Kf8 35. Qf4 Qe7 36. Bh4 Qc5+ 37. Kh1 Ne5 {[%emt 0:00:03][%cal Bc4e5,Be5d3,Bd3e1][%mdl 32] [#]} 38. Bf6 $2 (38. Rd1 $1 $16 {and life is bright. Strongly threatening Bf6.} Qc6 39. Bg5 (39. Qg5 Re8 $11)) 38... Nd3 $1 $19 39. Bxg7+ Kxg7 40. Qd2 Nxe1 41. Ng4 {[%emt 0:00:00] [#] Qh6+ would kill now.} Kf8 $1 (41... Nc2 $2 {is a self mate.} 42. Qh6+ Kg8 43. Nf6#) 42. Qxe1 $2 {[%emt 0:00:04][%mdl 4096] Endgame KQR-KQN} (42. Nf6 {was forced.} Qc2 43. Qxe1) 42... Rc8 43. Kh2 Qd4 44. Qh4 Rc6 {[%emt 0:00:16] Prevents Nf6.} 45. Qh6+ Ke8 46. Qg5 Re6 47. e5 Kd7 48. f4 a5 49. Nf6+ Kc7 {[%emt 0:00:01] And now ...a4 would win.} 50. Qg3 Kb8 $2 (50... b5 51. Nh7 a4) 51. Ng4 $2 (51. f5 Re7 52. e6+ Kb7 53. Qf3+ Ka7 54. Nd5 Qe5+ 55. Kg1) 51... a4 52. Ne3 Qe4 $2 (52... Qc5 $19 53. Qh4 Rc6 54. Qd8+ Rc8) 53. Qh4 $2 Qd3 ({Stronger than} 53... Qxe3 54. Qd8+ Kb7 55. Qd7+ Ka8 56. Qd8+ Kb7 57. Qd7+ Kb8 58. Qd8+ Kb7 $11) 54. Qh8+ Kb7 55. Qf8 Rc6 56. Ng4 Qc4 (56... Rc3 $142 57. Qe7+ Ka6) 57. Kg3 a3 (57... Qb3+ $142 58. Kh4 a3) 58. Ne3 Qb3 {[%emt 0:00:09] Black mates.} 59. Kg4 a2 60. Qxf7+ Qxf7 {[%emt 0:00:02] Weighted Error Value: White=0.69/Black=0.53} 0-1

[Event "1st Anfield Cup 2022"]
[Site "Kyiv"]
[Date "2022.09.25"]
[Round "8.1"]
[White "Golubev, Mikhail"]
[Black "Andreev, Eduard"]
[Result "1/2-1/2"]
[ECO "B57"]
[WhiteElo "2461"]
[BlackElo "2413"]
[Annotator "TA"]
[PlyCount "37"]
[EventDate "2022.09.20"]
[EventType "swiss"]
[EventCountry "UKR"]
[SourceTitle "playchess.com"]
[Source "ChessBase"]
[SourceQuality "1"]
[TimeControl "900+10"]

1. e4 c5 2. Nf3 d6 3. d4 cxd4 4. Nxd4 Nf6 5. Nc3 Nc6 6. Bc4 Bd7 7. Bb3 g6 8. f3 Nxd4 9. Qxd4 Bg7 10. Bg5 O-O 11. O-O-O a5 {[#] An even fight not without its subleties. B57: Classical Sicilian: Sozin with 6...Qb6.} {Predecessor:} 12. a4 $146 b5 13. Qe3 bxa4 14. Bxa4 Bxa4 15. Nxa4 Qc7 16. Rd3 Rab8 17. b3 Rfe8 18. e5 dxe5 19. Rhd1 {0-1 (36) Perez Gonzalez,J (2177)-Aranda Marin,C (2353) Madrid 2020} 1/2-1/2

[Event "1st Anfield Cup 2022"]
[Site "Kyiv"]
[Date "2022.09.25"]
[Round "8.2"]
[White "Vysochin, Spartak"]
[Black "Golichenko, Ilija"]
[Result "1-0"]
[ECO "B22"]
[WhiteElo "2512"]
[BlackElo "2413"]
[Annotator "TA"]
[PlyCount "95"]
[EventDate "2022.09.20"]
[EventType "swiss"]
[EventCountry "UKR"]
[SourceTitle "playchess.com"]
[Source "ChessBase"]
[SourceQuality "1"]
[TimeControl "900+10"]

1. e4 c5 2. c3 Nf6 3. e5 Nd5 4. d4 cxd4 5. cxd4 d6 6. Bc4 e6 7. Nf3 Nc6 8. O-O Be7 9. Qe2 O-O 10. Rd1 a6 11. exd6 Qxd6 12. Nc3 Nxc3 13. bxc3 b5 {[%emt 0:00:04] B22: Sicilian: 2 c3.} 14. Bd3 Bb7 15. Qe4 f5 {[%emt 0:00:45] The position is equal.} 16. Qe2 Bf6 {[%emt 0:00:25] [#]} 17. Bg5 $146 ({Predecessor:} 17. Bb2 Kh8 18. Re1 Rae8 19. Ne5 Bxe5 20. dxe5 Qc7 21. Ba3 Ne7 22. c4 b4 23. Bxb4 {1-0 (31) Spence,D (2198)-Gibson,C (2019) Gibraltar 2008}) 17... Bxg5 18. Nxg5 Rae8 19. a4 $1 (19. Qh5 h6 20. Nf3 Rc8 $11) 19... b4 (19... h6 $14) 20. Bc4 $1 $16 {[%emt 0:01:00][%cal Rc4e6] White is more active.} (20. Qh5 $2 h6 21. Nxe6 Rxe6 $17) 20... Nd8 21. cxb4 (21. Qh5 h6 22. Nf3 bxc3 $15) 21... h6 22. Nf3 Qxb4 23. Bxa6 Bd5 24. Ne5 {[%emt 0:01:19] Threatens to win with Bb5.} Nc6 25. Nxc6 Bxc6 26. Bb5 Bxb5 27. axb5 ({Much less strong is} 27. Qxb5 Qxb5 28. axb5 Rb8 $16) 27... Rf7 28. Qe5 {[%emt 0:03:32] Prevents Rb8.} Rd7 {[%emt 0:00:17] [#]} 29. Qc5 $1 Qb3 30. Rdb1 Qd3 31. Rd1 $2 (31. b6 $18) 31... Qe4 (31... Qb3 $11 {and Black stays safe.}) 32. b6 $18 Rb8 33. Ra7 Rdb7 34. Rxb7 Qxb7 {[%emt 0:00:23][%mdl 4096] Endgame KQR-KQR} 35. Rb1 Qe4 {[%emt 0:00:03] [#]} 36. Qb4 Rb7 37. h3 Kh7 38. Rb2 Qd5 39. Rc2 {[%emt 0:00:26] And now Rc7 would win.} Qd8 {[%emt 0:00:09] Prevents Rc7.} (39... Rd7 40. Rc4 (40. Rc7 Qxd4 41. Qxd4 Rxd4 $16) 40... e5) 40. Rc6 Qd5 41. Qd6 $2 (41. Rc7 {White wants to mate with Qe7.} Rb8 42. b7 Rxb7 43. Rxb7) 41... Qe4 $2 (41... Rd7 42. Qxd5 (42. Qxe6 Qxe6 43. Rxe6 Rxd4 $18) 42... Rxd5 43. Rxe6 Rxd4) 42. Qxe6 (42. Kh2 $142) 42... Qb1+ $2 (42... Qxe6 $18 43. Rxe6 Rd7) 43. Kh2 {[%emt 0:00:01] White mates.} Rb8 44. Qg6+ Kh8 45. Rc7 Rg8 46. b7 Qb2 47. Qf7 Qb6 {[%emt 0:00:16] [#]} 48. Qxg8+ $3 {[%emt 0:00:11][%mdl 512] Weighted Error Value: White=0.44/Black=0.40} 1-0

[Event "1st Anfield Cup 2022"]
[Site "Kyiv"]
[Date "2022.09.25"]
[Round "8.3"]
[White "Bakhmatsky, Vladislav"]
[Black "Maly, Alexey"]
[Result "1-0"]
[ECO "A06"]
[WhiteElo "2468"]
[BlackElo "2370"]
[Annotator "TA"]
[PlyCount "123"]
[EventDate "2022.09.20"]
[EventType "swiss"]
[EventCountry "UKR"]
[SourceTitle "playchess.com"]
[Source "ChessBase"]
[SourceQuality "1"]
[TimeControl "900+10"]

1. Nf3 d5 2. e3 Nf6 3. c4 dxc4 4. Bxc4 e6 5. Nc3 a6 6. a4 c5 7. d4 Nc6 8. O-O cxd4 9. exd4 Nb4 10. Bg5 Be7 11. Qe2 O-O 12. Rfd1 Nfd5 13. Bxe7 {[%emt 0:01:16] D27: Queen's Gambit Accepted: Classical main line: 7 e4!? and 7 a4.} Nxe7 14. Ne5 Nbd5 15. Qf3 {[%emt 0:01:45] [#] The position is equal.} b6 $146 ({Predecessor:} 15... Nxc3 16. bxc3 Qc7 17. Bd3 Bd7 18. c4 Rad8 19. Ra3 Nf5 20. Bxf5 exf5 21. Qh5 Be6 {0-1 (47) Sonis,F (2490)-Maly,A (2371) Chess.com INT 2020}) 16. Nxd5 exd5 17. Bd3 Qd6 18. Qe2 a5 19. Rac1 Be6 20. Qc2 g6 21. Qc7 Qb4 22. Bb5 {[%emt 0:00:02] Black must now prevent Nd3.} Rac8 23. Qxb6 Rxc1 24. Rxc1 Qxb2 25. Rf1 Nf5 26. Nc6 Bd7 27. Qxa5 Bxc6 28. Bxc6 Nxd4 29. Bxd5 Re8 ({Black should try} 29... Ne2+ $14 30. Kh1 Nc3) 30. Qa7 Ne2+ 31. Kh1 Qf6 {[%emt 0:00:05] [#]} 32. a5 $1 Re5 33. Bf3 ({Not} 33. Qb7 Nf4 $14) 33... Nf4 34. a6 Ra5 35. Qb8+ Kg7 36. a7 Ra1 $2 (36... Qa1 37. Rd1 Nd3) 37. Bd1 $2 (37. Rb1 $18 {is the precise move to win.}) 37... Qa6 $16 38. Qe5+ Qf6 39. Qb8 $40 {[%emt 0:00:09][%mdl 128] White has some attack.} Qa6 40. Qe5+ (40. Rg1 $16 g5 41. a8=Q Qxa8 42. Qe5+ Kf8 43. Qxg5 (43. Bf3 Rxg1+ 44. Kxg1 Qa3 $11)) 40... Qf6 $11 41. Qe3 {[%emt 0:00:05] Strongly threatening Kg1.} ({Don't play} 41. Qb8 $6 Qa6 $16) 41... Qa6 $2 {[%emt 0:00:26] [#] Black is on the road to losing.} (41... Nd5 $11 {and Black is okay.} 42. Qc5 Nc3) 42. Kg1 $1 $18 {[%emt 0:00:14] Chess con chili.} Ne6 (42... Nxg2 43. Kxg2 Qxa7 44. Qc3+ Kh6 45. Qd2+ Kg7 46. Qc3+ Kh6) 43. Be2 {[%emt 0:00:05] And now Qc3+ would win.} Rxf1+ 44. Bxf1 {[%emt 0:00:02][%mdl 4096] Endgame KQB-KQN} Qa1 45. g3 {[%emt 0:00:13] Threatening mate with Qb6.} Nd8 46. Qc5 Ne6 47. Qb6 Nd4 48. Qxd4+ Qxd4 49. a8=Q Qf6 50. Qe4 h5 51. h4 {[%emt 0:00:01] White mates.} Qd6 52. Kg2 Qf6 53. Bc4 Qd6 54. Qd5 Qe7 {[%emt 0:00:00] [#]} 55. Qxf7+ $1 Qxf7 56. Bxf7 Kxf7 {[%emt 0:00:01] K3P-KPP} 57. Kf3 Kf6 58. Kf4 Kf7 59. Kg5 Kg7 60. f4 Kf7 61. f5 gxf5 62. Kxf5 {[%emt 0:00:01] Weighted Error Value: White=0.33/Black=0.65} 1-0

[Event "1st Anfield Cup 2022"]
[Site "Kyiv"]
[Date "2022.09.25"]
[Round "8.4"]
[White "Grinev, Valeriy"]
[Black "Pavlov, Sergey"]
[Result "1/2-1/2"]
[ECO "D10"]
[WhiteElo "2425"]
[BlackElo "2333"]
[Annotator "TA"]
[PlyCount "37"]
[EventDate "2022.09.20"]
[EventType "swiss"]
[EventCountry "UKR"]
[SourceTitle "playchess.com"]
[Source "ChessBase"]
[SourceQuality "1"]
[TimeControl "900+10"]

1. d4 d5 2. c4 c6 3. cxd5 cxd5 4. Bf4 Nc6 5. e3 Nf6 6. Nc3 a6 7. Bd3 Bg4 8. Qb3 {[%emt 0:00:08] D10: Slav Defence: 3 cxd5 (without early Nf3) and 3 Nc3.} Na5 9. Qc2 Rc8 10. h3 Bh5 11. Qa4+ Nc6 12. Nf3 Bxf3 13. gxf3 e6 {[%emt 0:00:09] [#]} 14. Rg1 $146 ({Predecessor:} 14. a3 Bd6 15. Ne2 O-O 16. Bg5 h6 17. Bh4 Be7 18. f4 Na5 19. O-O Nc4 20. Bxc4 Rxc4 {0-1 (34) Reuter,M (2035)-Allaert,D (2142) Nordrheinwestfalen 2015}) 14... g6 15. Rc1 Bd6 {[%emt 0:04:11] [#] And now ...Bxf4 would win.} 16. Bh6 Bf8 17. Bf4 Bd6 {[%emt 0:00:02] Threatens to win with ...Bxf4.} 18. Bh6 Bf8 19. Bf4 {Weighted Error Value: White=0.06 (flawless) /Black=0.07 (flawless)} 1/2-1/2

[Event "1st Anfield Cup 2022"]
[Site "Kyiv"]
[Date "2022.09.25"]
[Round "8.5"]
[White "Skliarov, Viktor"]
[Black "Samunenkov, Ihor"]
[Result "1/2-1/2"]
[ECO "B43"]
[WhiteElo "2384"]
[BlackElo "2469"]
[Annotator "TA"]
[PlyCount "167"]
[EventDate "2022.09.20"]
[EventType "swiss"]
[EventCountry "UKR"]
[SourceTitle "playchess.com"]
[Source "ChessBase"]
[SourceQuality "1"]
[TimeControl "900+10"]

1. e4 c5 2. Nf3 e6 3. d4 cxd4 4. Nxd4 a6 5. Nc3 b5 6. Bd3 Bb7 7. O-O Nc6 8. Nxc6 Bxc6 9. Re1 {[%emt 0:00:08] B43: Sicilian: Kan Variation: 5 Nc3.} Qb8 10. a4 {With the idea axb5.} b4 {[%emt 0:02:13] [#] 10...b4 has become a bit dusty these days.} 11. Nd5 {[%emt 0:01:16] White has an edge.} Bd6 {[%emt 0:01:03] Inhibits Bf4.} 12. h3 {[%emt 0:00:46][%cal Oc1e3] [#]} Be5 $146 {[%emt 0:03:49] [#]} (12... Ne7 $11 13. Nxe7 Bxe7) ({Predecessor:} 12... Ne7 13. Nxe7 Bxe7 14. e5 O-O 15. Be4 Bxe4 16. Rxe4 d5 17. exd6 Qxd6 18. Qxd6 Bxd6 {½-½ (32) Movsesian,S (2649)-Babula,V (2550) Pardubice 2019}) 13. Be3 Nf6 (13... exd5 14. exd5 Bxd5 15. f4 $16) (13... Bxb2 14. Rb1 Bxd5 15. Rxb2 $16 (15. exd5 Bc3 $14)) 14. Nb6 $36 {[%emt 0:01:43][%mdl 2048] White has strong initiative.} Ra7 (14... a5 $142) 15. Nc4 $16 Ra8 16. Nxe5 (16. Bc5 $18) 16... Qxe5 17. f4 Qxb2 (17... Qc7 $16) 18. Rb1 $18 Qa3 19. Bc5 Qc3 {[%emt 0:00:40] Inhibits Bc4.} 20. Bxb4 {[%emt 0:00:21] A strong pair of Bishops.} Qd4+ 21. Kh2 d5 $2 {[%emt 0:01:27] [#]} (21... Qf2) 22. Bb5 $1 Qb6 23. exd5 axb5 24. dxc6 Qxc6 25. axb5 Qxb5 26. f5 Qd5 27. fxe6 (27. Qe2 $18) 27... fxe6 (27... Qxd1 $16 {was called for.} 28. Rbxd1 fxe6 29. Rxe6+ Kf7 30. Re7+ Kg6) 28. Qxd5 (28. Qe2 $1 $18 {And now Rbd1 would win.} Qc6 29. Rbd1 (29. Qxe6+ Qxe6 30. Rxe6+ Kf7 $16)) 28... Nxd5 $16 29. Rxe6+ (29. Bd6 $142 {aiming for Rb7.} Rd8 30. Ba3 (30. Rxe6+ Kf7 $16)) 29... Kf7 30. Re5 Nxb4 31. Rxb4 {[%emt 0:00:01][%mdl 4096] Endgame KRR-KRR} Rac8 32. Rf4+ Kg6 33. Re3 {[%emt 0:00:34] White is more active.} h5 34. Rg3+ Kh6 35. c4 Rc6 36. Rf7 g6 37. Rc3 Rd8 38. Rf4 Rc5 39. Kg3 Re8 40. Kf3 Kg5 41. h4+ Kh6 42. Re4 Rd8 43. Ke3 Rd6 (43... Rd1 $14) 44. Rd4 $1 Re6+ 45. Kd3 {[%emt 0:00:01] Strongly threatening Rd5.} Rc7 $2 (45... Re1 $16) 46. Rd5 $18 Rce7 (46... Kg7 $142 47. c5 Kf6) 47. c5 Re3+ $2 (47... Ra7 48. g3 Kg7) 48. Kc4 {[%emt 0:00:01] Rxe3 is the strong threat.} R3e4+ 49. Kb5 {[%emt 0:00:06] Threatens to win with Rc4.} Rb7+ 50. Kc6 Rf7 (50... Ree7 $142 51. Rd4 Ra7) 51. g3 Rfe7 52. Rd7 Re3 53. Rxe3 Rxe3 {[%emt 0:00:01] KR-KR} 54. Kb7 Rxg3 55. c6 Rb3+ 56. Kc8 $2 (56. Ka7 Rc3 57. Kb7 Rb3+ 58. Ka6 Rc3 59. Kb6 g5 60. Rd6+ Kg7 61. hxg5) 56... g5 $2 (56... Rb4 $11) 57. Rd6+ Kg7 58. hxg5 h4 59. Rh6 $2 (59. c7 {mates} Rf3 60. Kb7 Rc3 61. c8=Q Rxc8 62. Kxc8 Kh7 63. Kd7 Kg7 64. Rf6) 59... h3 $11 60. c7 Rg3 $2 {[%emt 0:00:13][%mdl 8192] [#]} (60... Rd3 $11) 61. Kb7 $2 (61. Rb6 $1 $18 h2 62. Kb8 (62. Rh6 Rg2 $11) 62... Rxg5 63. c8=Q) 61... Rb3+ 62. Ka6 Rc3 63. Kb6 Rb3+ 64. Kc5 {[%emt 0:00:09] White wants to mate with Kd4.} Rc3+ 65. Kd6 Rd3+ $1 66. Ke7 Rc3 67. Kd8 Rd3+ 68. Kc8 $2 (68. Ke7 $11 Rc3 69. Kd6 Rd3+ 70. Ke6) 68... Rg3 $18 {[%emt 0:00:10] [#]} 69. Rh4 $2 (69. Rb6 $1 $18 {Intending Kb8 and mate.} h2 70. Kb8 (70. Rh6 Rg2 $11) 70... Rxg5 71. c8=Q) 69... Kg6 $11 {[%emt 0:00:18] The position is equal.} 70. Kd7 Rd3+ 71. Ke6 Rc3 72. Kd6 Rd3+ 73. Kc5 Rc3+ 74. Kb6 Rb3+ 75. Ka5 Rc3 76. Kb6 Rb3+ 77. Kc5 Rc3+ 78. Rc4 Rxc4+ 79. Kxc4 {[%emt 0:00:01] KPP-KP} h2 80. c8=Q {[%emt 0:00:03] Qh8 would kill now.} h1=Q {[%emt 0:00:03] Prevents Qh8. ( -> ...Qc1+)} 81. Qg8+ Kf5 82. Qd5+ Qxd5+ 83. Kxd5 Kxg5 84. Ke4 {Weighted Error Value: White=0.36/Black=0.65} 1/2-1/2

[Event "1st Anfield Cup 2022"]
[Site "Kyiv"]
[Date "2022.09.25"]
[Round "8.6"]
[White "Kislinsky, Alexey"]
[Black "Dmitrenko, Viktor"]
[Result "1-0"]
[ECO "B14"]
[WhiteElo "2301"]
[BlackElo "2266"]
[Annotator "TA"]
[PlyCount "97"]
[EventDate "2022.09.20"]
[EventType "swiss"]
[EventCountry "UKR"]
[SourceTitle "playchess.com"]
[Source "ChessBase"]
[SourceQuality "1"]
[TimeControl "900+10"]

1. e4 c6 2. d4 d5 3. exd5 cxd5 4. c4 Nf6 5. Nc3 g6 6. cxd5 Bg7 7. Bc4 O-O 8. Nge2 Nbd7 {[%emt 0:00:24] 8...Na6 is not played anymore.} 9. Bb3 Nb6 10. Nf4 h6 {[%emt 0:00:10] B14: Caro-Kann: Panov-Botvinnik Attack with 5...e6 and 5...g6.} 11. O-O Bg4 12. f3 Bc8 {[%emt 0:01:39] [#] White is slightly better.} 13. a4 $146 ({Predecessor:} 13. d6 e6 14. d5 exd5 15. Nfxd5 Nbxd5 16. Nxd5 Qxd6 17. Bf4 Qc5+ 18. Be3 Qd6 19. Bf4 {½-½ (47) Stephan,A (2278)-Okhotnik,V (2446) Schwarzach 2001}) 13... a5 14. h4 (14. d6 $16 {aiming for dxe7.} e6 15. Nb5) 14... Ne8 (14... h5 $14) 15. Re1 Nd6 16. Be3 Nf5 {[%emt 0:02:27] [#]} 17. Bf2 $1 Qd6 18. Re4 {[%emt 0:03:06] Hoping for g4.} Bf6 (18... h5 $16 {was worth a try.} 19. Nd3 Qd8) 19. Nb5 $18 Qd8 20. d6 e6 21. d5 exd5 22. Nxd5 Nxd5 23. Qxd5 {[%emt 0:00:02][%cal Oh4h5] And now h5! would win.} Ra6 {[%emt 0:01:40] [#]} (23... Bd7 $142 24. h5 (24. Qxb7 Bxb5 25. axb5 Nxd6 $11) 24... Bc6) 24. h5 $2 (24. Rd1 $1 $18 {and the rest is easy.}) 24... Be6 $2 {[%emt 0:01:06][%mdl 8192] This move loses the game for Black.} (24... Nxd6 $16 {is tougher.} 25. Ree1 Nxb5) 25. Rxe6 fxe6 26. Qxe6+ Kg7 27. Rd1 Rc6 28. hxg6 Bh4 29. Bxh4 Nxh4 30. Qe5+ (30. f4 $142) 30... Qf6 31. Qxf6+ Kxf6 32. d7 Rd8 33. g7 Kxg7 34. Nd4 Rd6 35. Ne6+ Rxe6 36. Bxe6 {[%emt 0:00:02][%mdl 4096] Endgame KRB-KRN} Kf6 37. Bh3 Ng6 38. Rd6+ Kf7 39. g3 Ne5 40. f4 Nc4 41. Rxh6 Nxb2 42. Rh7+ Kf6 43. g4 Nxa4 44. g5+ Kg6 45. Re7 {[%emt 0:00:22] White mates.} Nc5 46. Kf2 a4 47. Kf3 a3 48. Kg4 Rf8 49. d8=Q {[%emt 0:00:05] Weighted Error Value: White=0.55/Black=0.60} 1-0

[Event "1st Anfield Cup 2022"]
[Site "Kyiv"]
[Date "2022.09.25"]
[Round "9.1"]
[White "Golubev, Mikhail"]
[Black "Vysochin, Spartak"]
[Result "1/2-1/2"]
[ECO "C19"]
[WhiteElo "2461"]
[BlackElo "2512"]
[Annotator "TA"]
[PlyCount "39"]
[EventDate "2022.09.20"]
[EventType "swiss"]
[EventCountry "UKR"]
[SourceTitle "playchess.com"]
[Source "ChessBase"]
[SourceQuality "1"]
[TimeControl "900+10"]

1. e4 e6 2. d4 d5 3. Nc3 Bb4 4. e5 Ne7 5. a3 Bxc3+ 6. bxc3 c5 7. a4 Qc7 8. Nf3 h6 9. Bb5+ Bd7 10. Bd3 Nbc6 11. O-O b6 {[%emt 0:01:06] [#]} {Predecessor:} 12. Re1 $146 {C19: French: 3 Nc3 Bb4: Main line: 7 Nf3 and 7 a4.} Na5 13. Nh4 Rc8 14. Qg4 g6 15. Nf3 Nc4 16. Qh4 Ng8 17. Bg5 Bc6 18. a5 bxa5 19. dxc5 a4 20. Nd4 {1-0 (47) So,W (2780)-Duda,J (2737) Chess.com INT 2018} 1/2-1/2

[Event "1st Anfield Cup 2022"]
[Site "Kyiv"]
[Date "2022.09.25"]
[Round "9.2"]
[White "Kislinsky, Alexey"]
[Black "Bakhmatsky, Vladislav"]
[Result "0-1"]
[ECO "C22"]
[WhiteElo "2301"]
[BlackElo "2468"]
[Annotator "RC"]
[PlyCount "136"]
[EventDate "2022.09.20"]
[EventType "swiss"]
[EventCountry "UKR"]
[SourceTitle "playchess.com"]
[Source "ChessBase"]
[SourceQuality "1"]
[TimeControl "900+10"]

1. e4 e5 2. d4 exd4 3. Qxd4 Nc6 4. Qd3 Nf6 5. Nc3 Bc5 6. Bf4 d6 7. Qd2 Be6 8. O-O-O h6 9. f3 Nh5 10. Nge2 Nxf4 11. Nxf4 a6 12. Kb1 Qd7 13. h4 O-O-O 14. h5 Rhe8 15. g3 Ne5 16. Nxe6 fxe6 17. Be2 d5 18. f4 d4 19. fxe5 dxc3 20. Qxc3 Bd4 21. Qc4 b5 22. Qb3 Qc6 23. c4 Qxe4+ 24. Bd3 bxc4 25. Qxc4 Qb7 26. Rh2 Bxe5 27. Rc2 Rd6 28. Re1 Bf6 29. Be4 Qb6 30. Rec1 Re7 31. Bc6 Rd4 32. Qe2 Kb8 33. a3 Ka7 34. Ka2 Rd6 35. Rc4 Rd4 36. R4c3 Rd6 37. Rc4 Rd4 38. R4c3 Rd6 39. Rb3 Rxc6 40. Rxb6 Rxb6 41. b4 Rd7 42. Rc2 Kb8 43. Qc4 Kb7 44. Qe4+ Kb8 45. Qc4 Kb7 46. Kb3 Kb8 47. Ka4 Kb7 48. Qe4+ Kb8 49. Qf4 Kb7 50. Qc4 Kb8 51. Re2 Rdd6 52. Rc2 Rd7 53. Qe4 Rdd6 54. Rc4 Rd7 55. g4 Rdd6 56. Qg6 Kb7 57. Qf7 Rbc6 58. Re4 Rc3 59. b5 axb5+ 60. Kb4 Kb6 61. Qxf6 gxf6 62. Kxc3 c5 63. a4 b4+ 64. Kb3 e5 65. Re3 Rd4 66. Rf3 Rf4 67. Rg3 Ka5 68. Rg2 c4+ 0-1

[Event "1st Anfield Cup 2022"]
[Site "Kyiv"]
[Date "2022.09.25"]
[Round "9.3"]
[White "Andreev, Eduard"]
[Black "Grinev, Valeriy"]
[Result "1-0"]
[ECO "C10"]
[WhiteElo "2413"]
[BlackElo "2425"]
[Annotator "TA"]
[PlyCount "81"]
[EventDate "2022.09.20"]
[EventType "swiss"]
[EventCountry "UKR"]
[SourceTitle "playchess.com"]
[Source "ChessBase"]
[SourceQuality "1"]
[TimeControl "900+10"]

1. e4 e6 2. d4 d5 3. Nd2 dxe4 4. Nxe4 Nd7 5. Nf3 Ngf6 6. Bd3 Nxe4 7. Bxe4 Nf6 8. Bg5 Be7 9. Bxf6 Bxf6 10. Qd3 Qd6 {[%emt 0:01:12] C10: French with 3 Nc3: Unusual Black 3rd moves and 3...dxe4.} 11. O-O-O Bd7 12. Bxb7 Rb8 {[%emt 0:00:03] White is slightly better.} 13. Be4 {[%emt 0:00:02] [#]} (13. Qb3 $2 O-O 14. Nd2 Bc6 $19) 13... Bc6 $146 ({Predecessor:} 13... c5 14. Kb1 Ke7 15. c3 Bb5 16. Qd2 Rhd8 17. Qe3 Bc4 18. Ne5 cxd4 19. cxd4 Qa6 {½-½ (48) Rublevsky,S (2662)-Lobron,E (2550) Frankfurt 2000}) 14. Ne5 ({White should play} 14. Bxc6+ $16 Qxc6 15. g4) 14... Bxe4 (14... Bg5+ $1 $11 {keeps the balance.} 15. Kb1 Bxe4 16. Qxe4 Rxb2+ 17. Kxb2 Qb4+ 18. Ka1 Qc3+ 19. Kb1 Qb4+ 20. Ka1 Qc3+ 21. Kb1 Qb4+ 22. Ka1) 15. Qxe4 $16 Qd5 $2 {[%emt 0:00:07] This move loses the game for Black.} (15... c5 $16 {is a better defense.}) 16. Qxd5 $18 exd5 17. Rhe1 O-O 18. f4 (18. Nd7 $142) 18... Rfe8 (18... Bxe5 $142 19. Rxe5 (19. dxe5 c6 $16) 19... c6) 19. c3 Bxe5 20. Rxe5 {[%mdl 4096] Endgame KRR-KRR} ({Much less strong is} 20. fxe5 Re6 21. Kc2 g6) 20... c6 (20... Rbd8 $142 21. Rde1 Kf8) 21. Rde1 Rxe5 22. Rxe5 {[%emt 0:00:04] KR-KR} ({Don't play} 22. fxe5 $6 Kf8 23. b4 Ke7 $16) 22... Kf8 23. b4 a5 {[%emt 0:01:11] [#]} 24. a3 (24. bxa5 Ra8 25. c4 Rxa5 $16) 24... axb4 (24... g6 $142 25. Kc2 (25. bxa5 Rb3 $16) 25... Kg7 26. bxa5 Ra8) 25. cxb4 ({Not} 25. axb4 Re8 26. g4 Re6 $16) 25... g6 (25... f6 $142) 26. Kc2 {[%emt 0:00:08] White is clearly winning.} Rb6 (26... h6 $142 27. Kb3 h5) 27. Kb3 f6 28. Re1 Kf7 29. a4 Rb8 30. a5 Ra8 31. Ka4 h5 32. Rc1 Ra6 33. b5 cxb5+ 34. Kxb5 Ra8 35. a6 {[%emt 0:00:20] [#] And now Kb6 would win.} Rb8+ 36. Ka5 Rb2 37. Ra1 {[%emt 0:00:04] a7 would kill now.} Rb8 38. a7 Re8 39. Kb6 Re6+ 40. Kc5 Re8 41. a8=Q {[%emt 0:00:05] Weighted Error Value: White=0.23 (precise) /Black=0.73} 1-0